← All builds
Tech / Armada / Economy first / OBSERVED BUILD

Fast fusion

Armada Tech (Eco) build order · Supreme Isthmus

Standard T2 rush economy build that adds an earlier Fusion Reactor around 8:52 to scale power sooner, with units fighting only on the team's own side afterward.

Usually first T2 con to Geo (82%)

#eco #t2 · 179 distinct matches · 63 players · 6% of Armada Tech games · team won 59% of 185 · Recently observed

THE CATCH, AND WHAT COMES WITH IT
  • Fusion ReactorFusion Reactor from 8:52 · 12% of role by thenOnly 12% of Tech games have it by then; others who build it get it around 11:21

Then transitions into anti-nuke (30% of army).

HOW TO PLAY IT

Key timing: Fusion Reactor by 10:00

  1. Run the standard T2 rush opening with Bot Lab then Advanced Bot Lab.
  2. Get the Advanced Bot Lab up on the usual fast timing.
  3. Upgrade to Advanced Metal Extractor on the normal schedule.
  4. Transition into the typical Citadel anti-nuke and Armageddon nuke silo army.
  5. Push an early Fusion Reactor, well ahead of the role's usual 12:03.

Phase by phase

TYPICAL OF ITS 179 GAMES · AGAINST STANDARD TECH
  1. 1
  2. 2
  3. 3
  4. 4
  5. 5
PLAY THE OPENING

Follow the example game's first 9:52 step by step: what to build now, what comes next, and where it goes. At 1× it keeps pace with your own game.

  1. 1

    Up to the Bot Lab

    Economy
    • Metal Extractor3Mex
    • Wind Turbine4Wind
    Order
    1. Bot LabBot Lab after 3 mex, 4 winddone ~1:16, middle half 1:09–1:30

    By 0:59 in all: 3 mex · 4 wind

    The example game in this phase · 3 steps
    1. Mex ×3
    2. Wind ×3
    3. Bot LabBot Labdone 1:24 · typical 1:16
  2. 2

    Bot Lab to Advanced Bot Lab

    Economy
    • Metal Extractor1Mex
    • Wind Turbine9Wind
    • Energy Storage1Energy storage
    Order
    1. Advanced Bot LabAdvanced Bot Lab after 4 mex, 12 wind, 3 con turretdone ~4:16, middle half 4:03–4:28
    Builders
    • Construction Turret3 Con turret
    • Lazarus4 Lazarus
    • Construction Bot2 Con bot
    • Construction Bot1 Con bot for allies

    Some games also: converter (46%)

    By 3:14 in all: 4 mex · 12 wind · 1 energy storage · 3 con turret

    The example game in this phase · 18 steps
    1. Energy storage
    2. LazarusLazarus
    3. Wind ×2
    4. Construction BotCon botfor Air
    5. Wind
    6. Construction BotCon bot
    7. Con turret
    8. Energy storage
    9. LazarusLazarus
    10. Con turret
    11. Mex
    12. Construction BotCon bot
    13. Wind ×2
    14. Bot LabEat Bot Labreclaimed for its metal
    15. Wind ×3
    16. Metal storage
    17. Wind ×5
    18. Advanced Bot LabAdvanced Bot Labdone 4:33 · typical 4:16
  3. 3

    Advanced Bot Lab to 5:00

    Economy
    • Wind Turbine3Wind
    Order
    1. Bot LabEat Bot Lab
    Builders
    • Advanced Construction Bot1 T2 con bot for allies

    Some games also: converter (48%)

    By 5:00 in all: 4 mex · 17 wind · 2 converter · 1 energy storage · 3 con turret

    The example game in this phase · 2 steps
    1. Advanced Construction BotT2 con bot ×2for Geo
    2. Advanced Metal ExtractorT2 mexdone 5:48 · typical 5:20
  4. 4

    5:00 to Fusion Reactor

    Economy
    • Wind Turbine26Wind
    • Energy Converter3Converter+2 vs standard
    Order
    1. Fusion ReactorFusion Reactor after 4 mex, 43 wind, 7 converterdone ~10:12, middle half 9:51–10:42
    Builders
    • Butler8 Butler +3 vs standard
    • Advanced Construction Bot3 T2 con bot for allies
    • Advanced Construction Bot1 T2 con bot

    Some games also: con turret (49%)

    By 8:52 in all: 4 mex · 43 wind · 7 converter (standard 4) · 1 energy storage · 3 con turret

    The example game in this phase · 3 steps
    1. Advanced Metal ExtractorT2 mex ×3
    2. Advanced Construction BotT2 con bot ×5for Pond
    3. Fusion ReactorFusiondone 9:59 · typical 10:12
  5. 5

    Fusion Reactor to 15:00

    Economy
    • Wind Turbine87Wind−63 vs standard
    • Energy Converter48Converter
    Order
    1. Advanced Bot LabEat Advanced Bot Lab
    2. Fusion ReactorFusion after 86 wind, 18 converter, 7 con turretin 63% of games
    Builders
    • Construction Turret10 Con turret +3 vs standard

    Some games also: anti-nuke (49%) · Advanced Fusion Reactor (38%) · Aircraft Plant (37%) · metal storage (36%) · Butler (32%)

    The standard build makes here, this one skips: 6 Butler

    By 15:00 in all: 4 mex · 133 wind (standard 187) · 2 fusion · 55 converter · 1 energy storage · 1 metal storage

    The example game in this phase · 13 steps
    1. Advanced Construction BotT2 con bot ×2
    2. Metal storage
    3. T2 converter
    4. Con turret ×3
    5. Advanced Bot LabEat Advanced Bot Labreclaimed for its metal
    6. Con turret
    7. T2 converter
    8. Con turret ×7
    9. CitadelAnti-nukenot finished by 15:00
    10. Advanced Fusion ReactorAdvanced Fusion Reactordone 14:52
    11. TracerTracer
    12. T2 converter
    13. Con turret

Counts are medians over the build's games: half of them build more, half fewer. The example game is [KILL]Apollo's (30 OS, 10/10/2026); pick another.

Team trades

IN AT LEAST 30% OF ITS GAMES

You hand over

  • Construction Bot1 Con bot to Airfirst at 2:22 · in 85% of games
  • Advanced Construction Bot5 T2 con bot to Air or Pond or Beach seafirst at 4:47 · in 100% of games

You get

  • Hercules1 Light transport from Airfirst at 3:55 · in 85% of games

How it plays out

Typical game of this build against the role’s standard build, running totals by minute

  • This build
  • Standard tech

Metal produced

020k40k
0:005:0010:0015:00

metal

Enemy metal destroyed

050100
0:005:0010:0015:00

metal

Own metal lost

050100150
0:005:0010:0015:00

metal

185 games.

Show as table
ByMetal produced: This buildMetal produced: Standard techEnemy metal destroyed: This buildEnemy metal destroyed: Standard techOwn metal lost: This buildOwn metal lost: Standard tech
1:003843830000
2:009179150000
3:00168516510000
4:00320231440000
5:00488048470000
6:00596458000000
7:00769072270000
8:00977690610000
9:0012181111730000
10:0015841135030000
11:0019834162420000
12:0023367196560000
13:0027274234450000
14:00309592736200073
15:00359613154208575130
WHAT THE NUMBERS SAY

Won more often than the standard build and pulled well ahead on metal production with almost no combat losses either way.

  • + Metal production at 15:00 reaches 36430 vs 31668 standard.
  • + Won more often than the standard build (60% vs 53%).
  • − Enemy metal destroyed by 15:00 is lower than standard (39 vs 266).
  • − Fusion push is purely economic, offering no early combat payoff.
THE EXAMPLE YOU ARE READING

[KILL]Apollo

30.2 OS · 10/10/2026

Open source match ↗

1 received units
2281 metal received · 71362 energy received

Allied construction assistance is unknown. Timings are observations, not a promise of solo reproducibility.

Typical milestones

Bot Lab1:16Middle 50%: 1:09–1:30 · n=185
Advanced Bot Lab4:16Middle 50%: 4:03–4:28 · n=185
Advanced Metal Extractor5:20Middle 50%: 5:00–5:40 · n=185
Fusion Reactor10:12Middle 50%: 9:51–10:42 · n=172

Played most by

Teaner30games of this buildSyphos12games of this buildKOT_11games of this build[Grump]Grumpiness9games of this buildhaaven8games of this build